 Dungeon Crawl Stone Soup version 0.27-a0-676-gc1da3516c2 (webtiles) character file.

Game seed: 10631406318410350412

163 CryoSword the Basher (level 5, -4/43 HPs)
             Began as a Gnoll Wanderer on Mar 18, 2021.
             Killed by nerve-wracking pain
             ... invoked by Menkaure
              (13 damage)
             ... on level 4 of the Dungeon.
             The game lasted 00:07:17 (3589 turns).

CryoSword the Basher (Gnoll Wanderer)               Turns: 3589, Time: 00:07:18

Health: -4/43      AC: 13    Str: 17    XL:     5   Next: 44%
Magic:  7/7        EV: 11    Int: 17    God:
Gold:   184        SH:  0    Dex: 13    Spells: 7/7 levels left

rFire    . . .     SeeInvis .   a - +2 mace (elec)
rCold    . . .     Faith    .   (no shield)
rNeg     . . .     Spirit   .   h - +3 leather armour
rPois    +         Reflect  .   (no helmet)
rElec    .         Harm     .   c - +2 cloak {rPois}
rCorr    .         Rampage  .   e - +2 pair of gloves
Will     .....                  (no boots)
Stlth    ++........             (no amulet)
HPRegen  0.14/turn              g - +6 ring of intelligence
MPRegen  0.10/turn              k - +6 ring of strength

@: no status effects
A: fangs 1, strong nose, distributed training
a: no special abilities


You were on level 4 of the Dungeon.
You visited 1 branch of the dungeon, and saw 4 of its levels.

You collected 184 gold pieces.

Inventory:

Hand Weapons
 a - a +2 mace of electrocution (weapon)
Missiles
 p - 19 stones (quivered)
 q - 18 bolts
Armour
 c - a +2 cloak of poison resistance (worn)
   (You took it off Crazy Yiuf on level 3 of the Dungeon)
 e - a +2 pair of gloves (worn)
   (You found it on level 2 of the Dungeon)
 h - a +3 leather armour (worn)
   (You found it on level 1 of the Dungeon)
Jewellery
 g - a +6 ring of intelligence (right hand)
   (You found it on level 1 of the Dungeon)
 j - a ring of ice
   (You found it on level 3 of the Dungeon)
 k - a +6 ring of strength (left hand)
   (You found it on level 2 of the Dungeon)
Scrolls
 d - 3 scrolls of teleportation {@r4}
 i - a scroll of identify {@r1}
 m - a scroll of enchant armour
Potions
 b - 5 potions of curing {@q1}
 f - 2 potions of mutation {!q}
 l - a potion of haste {unknown}
 n - a potion of attraction {unknown}
 o - a potion of brilliance {unknown}


   Skills:
 + Level 4.8 Fighting
 + Level 1.5 Short Blades
 + Level 1.5 Long Blades
 + Level 1.5 Axes
 + Level 8.6 Maces & Flails
 + Level 1.5 Polearms
 + Level 1.5 Staves
 + Level 1.5 Slings
 + Level 1.5 Bows
 + Level 1.5 Crossbows
 + Level 1.5 Throwing
 + Level 4.8 Armour
 + Level 1.5 Dodging
 + Level 2.8 Stealth
 + Level 3.0 Shields
 + Level 1.5 Unarmed Combat
 + Level 1.5 Spellcasting
 + Level 1.2 Conjurations
 + Level 1.2 Hexes
 + Level 1.2 Summonings
 + Level 1.2 Necromancy
 + Level 1.2 Translocations
 + Level 1.2 Transmutations
 + Level 1.2 Fire Magic
 + Level 1.2 Ice Magic
 + Level 1.2 Air Magic
 + Level 1.2 Earth Magic
 + Level 1.2 Poison Magic
 + Level 1.7 Invocations
 + Level 1.5 Evocations


You had 7 spell levels left.
You didn't know any spells.
Your spell library was empty.

Dungeon Overview and Level Annotations

Branches:
Dungeon (4/15)
 Temple: D:4-7

Altars:
Ru

Annotations:
D:4 Menkaure


Innate Abilities, Weirdness & Mutations

You have very sharp teeth.
Your uncanny sense of smell can sniff out nearby items.
Your experience applies equally to all skills.


Message History

The stone hits Crazy Yiuf but does no damage.
Throw: 17 stones
Aim: Crazy Yiuf, wielding a +4 quarterstaff of chaos and wearing a +2 cloak of poison resistance (lightly wounded, 63% to hit)
You throw a stone.
The stone hits Crazy Yiuf but does no damage.
Throw: 16 stones
Aim: Crazy Yiuf, wielding a +4 quarterstaff of chaos and wearing a +2 cloak of poison resistance (lightly wounded, 63% to hit)
You throw a stone.
The stone hits Crazy Yiuf but does no damage.
Crazy Yiuf laughs, "Lugonu sing unthinkable!"
Throw: 15 stones
Aim: Crazy Yiuf, wielding a +4 quarterstaff of chaos and wearing a +2 cloak of poison resistance (lightly wounded, 63% to hit)
You throw a stone.
The stone hits Crazy Yiuf but does no damage.
Crazy Yiuf whimpers, "Iron sallow forty-two!"
Throw: 14 stones
Aim: Crazy Yiuf, wielding a +4 quarterstaff of chaos and wearing a +2 cloak of poison resistance (lightly wounded, 63% to hit)
You throw a stone.
The stone hits Crazy Yiuf but does no damage.
You sock Crazy Yiuf! Lightning courses through Crazy Yiuf!!
You kill Crazy Yiuf!
You have reached level 5!
Things that are here:
a +4 quarterstaff of chaos; a +2 cloak of poison resistance; the gnoll corpse of Crazy Yiuf
c - a +2 cloak of poison resistance You start putting on your armour.
You continue putting on your +2 cloak of poison resistance. x4
You finish putting on your +2 cloak of poison resistance.
You feel resistant to poison.
p - 14 stones (gained 1)
p - 15 stones (gained 1)
p - 16 stones (gained 1)
p - 17 stones (gained 1)
p - 18 stones (gained 1)
p - 19 stones (gained 1) Remembered map restored.
There is a stone staircase leading down here.
You climb downwards.
There is a stone staircase leading up here.
You now have 163 gold pieces (gained 9).
As you open the door, it creaks loudly!
There is an open door here.
A hound skeleton comes into view.
Found a stone staircase leading up.
Found an orange potion and 9 gold pieces.
The helpless hound skeleton fails to defend itself.
You hit the hound skeleton.
Lightning courses through the hound skeleton!
You punch the hound skeleton.
The hound skeleton bites you but does no damage.
The hound skeleton barely misses you.
You hit the hound skeleton.
Lightning courses through the hound skeleton!
You destroy the hound skeleton!
Your Shields skill increases to level 3!
i - a scroll of identify {@r1} You see here 23 arrows.
n - an orange potion You now have 172 gold pieces (gained 9).
You now have 184 gold pieces (gained 12).
Could not explore, unopened door.
Could not explore, unopened door.
Could not explore, unopened door.
You open the door.
There is an open door here.
You open the door.
There is an open door here.
f - 2 potions of mutation {!q} (gained 1)
There is an open door here.
A leopard gecko comes into view.
A leopard gecko is nearby!
The leopard gecko hisses angrily.
The leopard gecko bites you but does no damage.
You hit the leopard gecko.
You kill the leopard gecko!
No target in view!
No target in view!
Menkaure, Prince of Dust comes into view.
Menkaure shouts!
You hear a bark!
A jackal comes into view. x3
Found 32 arrows.
The jackal barks! x2
A jackal comes into view.
There is a stone staircase leading up here.
The jackal barks!
The jackal misses you.
Menkaure calls on the powers of darkness!
Your body is wracked with pain!
The jackal bites you but does no damage.
You climb upwards.
There is a stone staircase leading down here.
You sock the jackal!
You kill the jackal!
You start resting.
You climb downwards.
Level annotation: Menkaure The jackal bites you but does no damage.
The jackal misses you. x2
The jackal bites you but does no damage.
There is a stone staircase leading up here.
The jackal barely misses you.
The jackal bites you but does no damage.
You climb upwards.
There is a stone staircase leading down here.
You sock the jackal!
You kill the jackal!
The jackal misses you.
The jackal bites you but does no damage.
You thump the jackal!
You kill the jackal!
You climb downwards.
Level annotation: Menkaure The jackal misses you.
The jackal bites you but does no damage.
Menkaure mumbles some strange words.
Menkaure seems to speed up.
The jackal misses you.
There is a stone staircase leading up here.
The jackal barely misses you.
You climb upwards.
There is a stone staircase leading down here.
You completely miss the jackal. The jackal barely misses you.
You thump the jackal! Lightning courses through the jackal!
You kill the jackal!
You climb downwards.
Level annotation: Menkaure Menkaure gestures at you while chanting.
You barely resist.
There is a stone staircase leading up here.
Menkaure mumbles some strange words.
Menkaure seems to speed up.
Menkaure hits you!
You barely miss Menkaure.
Menkaure rustles, "It doesn't hurt if you pull your brain out of your nose yourself."
Menkaure calls on the powers of darkness!
Your body is wracked with pain!
* * * LOW HITPOINT WARNING * * *
Menkaure barely misses you.
You barely miss Menkaure. Menkaure barely misses you.
You hit Menkaure but do no damage. You punch Menkaure, but do no damage.
Menkaure barely misses you.
You hit Menkaure.
Menkaure calls on the powers of darkness!
Your body is wracked with pain!
* * * LOW HITPOINT WARNING * * *
You hit Menkaure. Lightning courses through Menkaure!
Menkaure barely misses you.
You hit Menkaure but do no damage. Menkaure casts a spell at you.
Pain shoots through your body!
You die...

##<####.....##.#
#.......######.# ∆ #.......#
#.# #......(# #.#######
#.......# ##'#.....#
#.......#####....###.#
#...........'....###.#
#........####...M..#.# .∆
#####....####...@###.##..
...............#.###......h.
#........##...##.#.....#....
#.##..........#.<..###... hh
# #....####..###.##∆ #.##
#.#### #..#...#∆∆∆ ..
#.##'#######....### #.
...........#...## #.
..#........+...#


You could see Menkaure (fast).

Vanquished Creatures
  Crazy Yiuf (D:3)
  A hound skeleton (D:4)
  5 adders
  2 oozes
  A worm (D:3)
  3 dart slugs
  3 leopard geckos
  An orc (D:3)
  5 goblins
  6 hobgoblins
  4 jackals (D:3)
  2 quokkas (D:2)
  4 ball pythons
  6 bats
  3 frilled lizards
  4 kobolds
  7 rats
58 creatures vanquished.

Notes
Turn   | Place    | Note
-------+----------+-------------------------------------------
     0 | D:1      | CryoSword the Gnoll Wanderer began the quest for the Orb.
     0 | D:1      | CryoSword set off with the following items: a +2 mace, 2
                  | potions of curing {@q1}, a +0 robe
     0 | D:1      | Reached XP level 1. HP: 20/20 MP: 1/1
   298 | D:1      | Reached XP level 2. HP: 25/26 MP: 2/2
   666 | D:1      | Reached XP level 3. HP: 30/31 MP: 3/3
  1012 | D:2      | Found a sacrificial altar of Ru.
  1294 | D:2      | Reached skill level 1 in Invocations
  1315 | D:2      | Reached skill level 1 in Short Blades
  1315 | D:2      | Reached skill level 1 in Long Blades
  1315 | D:2      | Reached skill level 1 in Axes
  1315 | D:2      | Reached skill level 1 in Polearms
  1315 | D:2      | Reached skill level 1 in Staves
  1315 | D:2      | Reached skill level 1 in Slings
  1315 | D:2      | Reached skill level 1 in Bows
  1315 | D:2      | Reached skill level 1 in Crossbows
  1315 | D:2      | Reached skill level 1 in Throwing
  1315 | D:2      | Reached skill level 1 in Dodging
  1315 | D:2      | Reached skill level 1 in Unarmed Combat
  1315 | D:2      | Reached skill level 1 in Spellcasting
  1315 | D:2      | Reached skill level 1 in Evocations
  1582 | D:2      | Reached XP level 4. HP: 35/38 MP: 5/5
  2120 | D:3      | Reached skill level 1 in Conjurations
  2120 | D:3      | Reached skill level 1 in Hexes
  2120 | D:3      | Reached skill level 1 in Summonings
  2120 | D:3      | Reached skill level 1 in Necromancy
  2120 | D:3      | Reached skill level 1 in Translocations
  2120 | D:3      | Reached skill level 1 in Transmutations
  2120 | D:3      | Reached skill level 1 in Fire Magic
  2120 | D:3      | Reached skill level 1 in Ice Magic
  2120 | D:3      | Reached skill level 1 in Air Magic
  2120 | D:3      | Reached skill level 1 in Earth Magic
  2120 | D:3      | Reached skill level 1 in Poison Magic
  2410 | D:3      | Found a runed translucent door.
  2411 | D:3      | Noticed Crazy Yiuf
  2616 | D:3      | HP: 1/38 [Crazy Yiuf/+4 quarterstaff of chaos (14)]
  3271 | D:3      | Killed Crazy Yiuf
  3272 | D:3      | Reached XP level 5. HP: 43/43 MP: 5/7
  3408 | D:4      | Noticed Menkaure
  3589 | D:4      | Killed from afar by Menkaure

Illustrated notes

Levels and vault maps discovered:
D:1:      lightli_arrival_statuegarden, layout_loops_ring
D:2:      layout_rooms, general_overflow_altar
D:3:      layout_basic, uniq_crazy_yiuf_cottage
D:4:      cheibrodos_greedy_goblins, layout_basic, lemuel_crystal_altar,
          minmay_ruptured, uniq_grinder, uniq_menkaure

Skill      XL: |  1  2  3  4  5 |
---------------+----------------+-----
Invocations    | 1 |  1.7
Short Blades   | 1 |  1.5
Long Blades    | 1 |  1.5
Axes           | 1 |  1.5
Polearms       | 1 |  1.5
Staves         | 1 |  1.5
Slings         | 1 |  1.5
Bows           | 1 |  1.5
Crossbows      | 1 |  1.5
Throwing       | 1 |  1.5
Dodging        | 1 |  1.5
Unarmed Combat | 1 |  1.5
Spellcasting   | 1 |  1.5
Evocations     | 1 |  1.5
Conjurations   | 1 |  1.2
Hexes          | 1 |  1.2
Summonings     | 1 |  1.2
Necromancy     | 1 |  1.2
Translocations | 1 |  1.2
Transmutations | 1 |  1.2
Fire Magic     | 1 |  1.2
Ice Magic      | 1 |  1.2
Air Magic      | 1 |  1.2
Earth Magic    | 1 |  1.2
Poison Magic   | 1 |  1.2
Shields        | 3 |  3.0
Fighting       | |  4.8
Maces & Flails | |  8.6
Armour         | |  4.8
Stealth        | |  2.8

Action                   |  1- 3 |  4- 6 || total
-------------------------+-------+-------++-------
Melee: Mace              |    62 |    69 ||   131
       Bite              |     7 |     3 ||    10
       Staff             |    35 |       ||    35
       Punch             |     1 |     2 ||     3
Throw: Stone             |       |     6 ||     6
  Use: Scroll            |     3 |     4 ||     7
 Stab: Sleeping          |     5 |     3 ||     8
Armor: Robe              |     3 |       ||     3
       Leather armour    |    43 |    19 ||    62
Dodge: Dodged            |    65 |    43 ||   108

Table legend: (Time is in decaauts)
 A = Elapsed time spent in this place.
 B = Non-inter-level travel time spent in this place.
 C = Inter-level travel time spent in this place.
 D = Time resting spent in this place.
 E = Time spent auto-exploring this place.
 F = Levels seen in this place.
 G = Mean time per level.
                   A        B        C        D        E       F      G
               +--------+--------+--------+--------+--------+-----+--------+
         Total |   3595 |   3338 |    257 |    922 |   1698 |   4 |  898.8 |
       Dungeon |   3595 |   3338 |    257 |    922 |   1698 |   4 |  898.8 |
               +--------+--------+--------+--------+--------+-----+--------+

Top non-repeatable levels by time:
     D:3: 1396 daAuts
     D:2: 1110 daAuts
     D:1: 964 daAuts
     D:4: 123 daAuts
